 Dungeon Crawl Stone Soup version 0.27.1-34-g3ba077fa99 (webtiles) character file.

Game seed: 9725717393690546887

129 zeram the Covered (level 5, -4/33 HPs)
             Began as a Gargoyle Fighter on Jan 9, 2022.
             Slain by an orc (6 damage)
             ... on level 3 of the Dungeon.
             The game lasted 00:02:40 (1532 turns).

zeram the Covered (Gargoyle Fighter)                Turns: 1532, Time: 00:02:40

Health: -4/33      AC: 12    Str: 20    XL:     5   Next: 12%
Magic:  5/5        EV:  7    Int:  9    God:
Gold:   71         SH:  9    Dex:  9    Spells: 4/4 levels left

rFire    . . .     SeeInvis .   a - +0 flail
rCold    . . .     Faith    .   c - +0 kite shield
rNeg     + . .     Spirit   .   b - +0 scale mail
rPois    ∞         Reflect  .   d - +0 helmet
rElec    +         Harm     .   (no cloak)
rCorr    .         Rampage  .   (no gloves)
Will     .....                  (no boots)
Stlth    ..........             (no amulet)
HPRegen  0.11/turn              (no ring)
MPRegen  0.09/turn              (no ring)

@: no status effects
A: sickness immunity, AC +4, negative energy resistance 1, electricity
resistance, torment resistance 1, petrification resistance
a: no special abilities


You were on level 3 of the Dungeon.
You visited 1 branch of the dungeon, and saw 3 of its levels.

You collected 71 gold pieces.

Inventory:

Hand Weapons
 a - a +0 flail (weapon)
 f - a +0 dagger
Missiles
 e - a throwing net (quivered)
Armour
 b - a +0 scale mail (worn)
 c - a +0 kite shield (worn)
 d - a +0 helmet (worn)
Scrolls
 g - a scroll of teleportation
 k - a scroll of fear
Potions
 h - 2 potions of flight


   Skills:
 + Level 3.9 Fighting
 + Level 3.3 Maces & Flails
 + Level 4.1 Armour
 + Level 0.5 Dodging
 + Level 4.0 Shields


You had 4 spell levels left.
You didn't know any spells.
Your spell library was empty.

Dungeon Overview and Level Annotations

Branches:
Dungeon (3/15)

Altars:


Innate Abilities, Weirdness & Mutations

You are immune to sickness and miasma.
Your stone body is resilient. (AC +4)
You are immune to poison.
You resist negative energy. (rN+)
You are resistant to electric shocks. (rElec)
You are resistant to unholy torment.
You are immune to petrification.


Message History

Something hits you but does no damage.
You closely miss something. You block something's attack. Something hits you.
You sock something!
Reactivating autopickup.
You feel a bit more experienced.
You have reached level 5!
You closely miss the orc. You block the orc's attack.
The orc hits you but does no damage.
You closely miss the orc. The orc barely misses you.
You sock the orc!
You kill the orc!
Items here: )) [ ††.
An orc comes into view. It is wielding a +0 flail.
An orc is nearby!
An orc is nearby!
An orc is nearby!
You are too injured to fight recklessly!
You are too injured to fight recklessly!
You are too injured to fight recklessly!
The orc shouts!
You hear a shout!
An orc comes into view. It is wielding a +0 flail.
The orc shouts!
An orc wizard comes into view. It is wielding a +0 dagger.
The orc wizard shouts!
You block the orc's attack. The orc completely misses you.
The orc wizard hits you with a +0 dagger.
You closely miss the orc wizard. You block the orc wizard's attack.
The orc hits you but does no damage. The orc hits you with a +0 flail!
* * * LOW HITPOINT WARNING * * *
The orc wizard hits you with a +0 dagger.
* * * LOW HITPOINT WARNING * * *
The orc completely misses you.
You closely miss the orc wizard. You block the orc's attack.
The orc wizard barely misses you. The orc hits you but does no damage.
The orc hits you with a +0 flail.
* * * LOW HITPOINT WARNING * * *
You hit the orc wizard.
The orc wizard is moderately wounded.
The orc wizard closely misses you. The orc hits you with a +0 flail.
You die...

..... .. .# .....
.. ..
.....######. #.#
...<....... ..#
..........# ..#
..........# ..#
........o.####..#
......o@o.......#
#########...#.#.#
#...#)# # #...#†#
#...#<# #...###
#$..+ #...#


You could see an orc wizard and 2 orcs.

Vanquished Creatures
  Jessica (D:2)
  An orc wizard (D:3)
  Robin (D:2)
  An adder (D:2)
  A worm (D:2)
  A dart slug (D:1)
  An orc (D:3)
  2 endoplasms
  16 goblins
  10 hobgoblins
  A kobold (D:2)
  A quokka (D:2)
  3 ball pythons
  A frilled lizard (D:1)
  5 rats
46 creatures vanquished.

Notes
Turn   | Place    | Note
-------+----------+-------------------------------------------
     0 | D:1      | zeram the Gargoyle Fighter began the quest for the Orb.
     0 | D:1      | Reached XP level 1. HP: 14/14 MP: 1/1
    88 | D:1      | Reached XP level 2. HP: 19/19 MP: 2/2
   113 | D:1      | Found a faded altar of an unknown god.
   764 | D:2      | Reached XP level 3. HP: 22/23 MP: 3/3
   951 | D:2      | Noticed Robin
   981 | D:2      | Reached XP level 4. HP: 16/29 MP: 4/4
   985 | D:2      | Killed Robin
  1167 | D:2      | Noticed Jessica
  1177 | D:2      | Killed Jessica
  1513 | D:3      | Reached XP level 5. HP: 15/33 MP: 5/5
  1532 | D:3      | Slain by an orc

Illustrated notes

Levels and vault maps discovered:
D:1:      matt_arrival_spirals, layout_rooms, hellmonk_ecumenical_altar_run_dry,
          dk_noncrumbling_3, minmay_misc_feat_diagonals, minmay_hedge_maze
D:2:      layout_basic, uniq_jessica, uniq_robin
D:3:      minmay_chambers_of_twos, layout_basic, serial_glass, glass_columns_a,
          glass_columns_a, glass_columns_a, glass_columns_a, glass_columns_b

Skill      XL: |  1  2  3  4 |
---------------+-------------+-----
Maces & Flails | 3 |  3.3
Armour         | 4 |  4.1
Shields        | 4 |  4.0
Fighting       | |  3.9
Dodging        | |  0.5

Action                   |  1- 3 |  4- 6 || total
-------------------------+-------+-------++-------
Melee: Flail             |    83 |    45 ||   128
  Use: Scroll            |     3 |     3 ||     6
       Potion            |     3 |       ||     3
Armor: Scale mail        |    47 |    33 ||    80
Dodge: Dodged            |    26 |    11 ||    37
Block: Kite shield       |    46 |    11 ||    57
